Map: Honorgrounds LE

Players

Musumeci - Winner!

  • Race: Zerg Zerg
  • League: Diamond
  • Spawn Location: 11:00

rumata

  • Race: Zerg Zerg
  • League: Diamond
  • Spawn Location: 7:00

VOD

Have the link to the VOD?

Description

Time

  • Played on: April 3, 2017, 11:23 a.m.
  • Length: 8:12
Show
View Real Time Build Order
Export as new Build Order

Musumeci Zerg - Winner!

Build Orders: Hatch First 

Get SALT Encoding   

  13  0:07  Drone  
  13  0:09  Drone  
  14  0:17  Overlord  
  14  0:28  Extractor  
  13  0:30  Drone  
  13  0:31  Drone, Extractor  
  16  0:39  Drone  
  17  0:55  Hatchery  
  16  0:58  Drone  
  17  1:12  Spawning Pool  
  17  1:14  Extractor  
  17  1:17  Drone  
  16  1:22  Drone  
  17  1:33  Drone  
  18  1:43  Drone  
  19  1:56  Overlord  
  19  2:00  Queen  
  21  2:05  Zergling x2  
  21  2:06  Queen  
  21  2:08  Drone  
  25  2:16  Metabolic Boost  
  25  2:17  Drone  
  25  2:18  Drone  
  27  2:27  Zergling x2  
  28  2:30  Zergling x2  
  29  2:39  Zergling x2  
  29  2:40  Zergling x2  
  31  2:46  Queen  
  31  3:00  Queen, Baneling Nest  
  31  3:05  Drone x3  
  35  3:08  Drone  
  36  3:15  Overlord  
  36  3:35  Zergling x12  
  42  3:45  Zergling x4  
  44  3:50  Baneling x2  
  43  3:59  Zergling x6  
  38  4:36  Zergling x4  
  38  4:37  Zergling x10  
  40  4:55  Zergling x6  
  43  5:03  Baneling x2  
  42  5:11  Zergling x2  
  42  5:12  Zergling x2  
  40  5:25  Zergling x6  
  42  5:47  Zergling x4  
  44  5:50  Baneling x11  
  44  5:51  Baneling x5  
  44  6:06  Overlord x4  
  35  6:34  Zergling x2  
  35  6:35  Zergling x12  
  41  6:50  Zergling x8  
  41  6:51  Zergling x2  
  45  7:00  Baneling x3  
  45  7:01  Baneling x3  
  44  7:07  Zergling x6  
  47  7:11  Hatchery  
  46  7:36  Baneling x2  
  42  7:47  Zergling x16  
Show
View Real Time Build Order
Export as new Build Order

rumata Zerg 

Build Orders: Pool First 

Get SALT Encoding   

  12  0:01  Drone  
  13  0:15  Overlord  
  13  0:20  Drone  
  14  0:34  Drone x2  
  16  0:38  Drone  
  17  0:44  Extractor  
  17  0:48  Spawning Pool  
  15  0:52  Drone  
  16  0:59  Drone  
  17  1:19  Hatchery  
  16  1:25  Drone  
  17  1:34  Queen  
  19  1:45  Metabolic Boost  
  19  1:51  Zergling x4  
  19  1:53  Zergling x2  
  22  2:08  Overlord  
  22  2:26  Queen  
  24  2:33  Hatchery  
  23  2:42  Drone x3  
  25  2:53  Zergling x4  
  25  2:54  Zergling x2  
  25  2:56  Zergling x2  
  29  3:02  Drone x2  
  31  3:24  Baneling Nest  
  30  3:33  Zergling x4  
  30  3:34  Zergling x8  
  35  3:36  Overlord  
  36  3:58  Queen  
  36  3:59  Drone x2  
  36  4:00  Drone x3  
  35  4:14  Baneling x3, Zergling x2  
  35  4:15  Zergling x4  
  30  4:36  Zergling x10  
  30  4:37  Zergling x4  
  35  4:41  Queen  
  33  4:48  Zergling x6  
  36  5:02  Baneling x4  
  36  5:03  Baneling x3  
  36  5:04  Drone  
  36  5:19  Drone x2  
  38  5:21  Spine Crawler  
  38  5:22  Baneling  
  38  5:23  Baneling  
  36  5:38  Drone x2  
  37  5:47  Drone  
  37  5:48  Drone x2  
  37  5:49  Spine Crawler, Zergling x2  
  41  5:50  Overlord x3  
  41  5:55  Spine Crawler  
  40  5:58  Drone  
  40  5:59  Drone, Extractor  
  37  6:13  Baneling x2  
  31  6:35  Zergling x2  
  31  6:36  Zergling x20  
  31  6:37  Spine Crawler  
  41  6:49  Zergling x4  
  43  7:03  Hatchery  
  42  7:10  Zergling x4  
  41  7:35  Zergling x2  
  41  7:36  Zergling x14  
  46  7:41  Spine Crawler  
  40  7:49  Spine Crawler, Baneling x11  
Tags
 
Add a new tag
Caveats
  • Supply blocks, unpowered buildings, or Contaminate may cause inaccurate times.
  • Supply counts are checked every 10 seconds.